[Event "Masters Tournament (MTO)"]
[Site "Biel, Switzerland"]
[Date "2026.07.21"]
[Round "8.24"]
[White "Tkhoruk, Roman"]
[Black "Ivana Maria, Furtado"]
[Result "1/2-1/2"]
[TimeControl "100+30+30sec/move"]
[WhiteTitle "-"]
[BlackTitle "-"]
[WhiteFideId "34161589"]
[BlackFideId "5048400"]
[WhiteElo "1967"]
[BlackElo "2182"]

1. e4 e6 2. d4 d5 3. exd5 exd5 4. Bd3 c5 5. c3 cxd4 6. cxd4 Bb4+ 7. Bd2 Qe7+ 8. Ne2 Nf6 9. Bxb4 Qxb4+ 10. Qd2 Qxd2+ 11. Nxd2 Nc6 12. a3 O-O 13. h3 Re8 14. O-O Bf5 15. Bb5 a6 16. Ng3 axb5 17. Nxf5 g6 18. Nd6 Re2 19.
Nf3 Rxb2 20. Rab1 Rxb1 21. Rxb1 Ne4 22. Nxb7 Nc3 23. Rb3 Ne2+ 24. Kf1 Nexd4 25. Nxd4 Nxd4 26. Rb4 Nc2 27. Rxb5 Re8 28.
f3 d4 29. Rb3 f5 30. f4 Re1+ 31. Kf2 Ra1 32. Rd3 Rxa3 33. Rxa3 Nxa3 34. Ke2 Nc2 35. g3 h5 36. Kd3 Ne3 37.
Kxd4 Nf1 38. h4 Nxg3 39. Nc5 Kf7 40. Ke3 Ne4 41. Nxe4 fxe4 42. Kxe4 Kf6 43. Ke3 Ke6 44. Ke4 Kf6 45.
Ke3 Ke7 46. Ke4 Ke6 47. Ke3 Kd5 48. Kd3 Kd6 49. Kd4 Ke6 50. Ke4 Kf6 51. Ke3 1/2-1/2

[Event "Masters Tournament (MTO)"]
[Site "Biel, Switzerland"]
[Date "2026.07.21"]
[Round "8.25"]
[White "Kudryavtsev, Eugene"]
[Black "Aryan, Goyal"]
[Result "0-1"]
[TimeControl "100+30+30sec/move"]
[WhiteTitle "-"]
[BlackTitle "-"]
[WhiteFideId "1315374"]
[BlackFideId "366108825"]
[WhiteElo "2146"]
[BlackElo "2029"]

1. e4 e5 2. Nf3 Nc6 3. Bb5 a6 4. Ba4 Nf6 5. O-O Nxe4 6. d4 b5 7. Bb3 d5 8. dxe5 Be6 9. c3 Bc5 10. Nbd2 O-O 11. Bc2 Nxf2 12.
Rxf2 f6 13. Nf1 Bxf2+ 14. Kxf2 fxe5 15. Kg1 Bg4 16. Ne3 Be6 17. b3 d4 18. cxd4 Nxd4 19. Be4 Rc8 20. Qe1 Rf4 21. Nf1 Rf8 22.
Be3 Qf6 23. Ng3 Bf7 24. Rd1 c5 25. Nxe5 Ne2+ 26. Qxe2 Qxe5 27. Bd4 Qg5 28. Be3 Qe5 29. Qg4 Bg6 30. Bd5+ Kh8 31. Qg5 Rce8 32.
Nf1 Qxg5 33. Bxg5 Re5 34. Be3 Rd8 35. Bf3 Rxd1 36. Bxd1 c4 37. Bf3 c3 38. Kf2 b4 39. Bd4 Ra5 40.
Ke1 Rxa2 41. Ne3 Rb2 42. Bd1 a5 43. h4 Bd3 44. h5 Rb1 45. h6 c2 46. hxg7+ Kg8 0-1

[Event "Masters Tournament (MTO)"]
[Site "Biel, Switzerland"]
[Date "2026.07.21"]
[Round "8.26"]
[White "Corbat, Philippe"]
[Black "Monteverde, Jonathan"]
[Result "0-1"]
[TimeControl "100+30+30sec/move"]
[WhiteTitle "-"]
[BlackTitle "-"]
[WhiteFideId "1304496"]
[BlackFideId "1314580"]
[WhiteElo "1893"]
[BlackElo "2098"]

1. e4 c5 2. a3 g6 3. h4 h5 4. Bc4 Nc6 5. Nc3 d6 6. Nf3 Bg4 7. Nd5 Bg7 8. Ne3 Bxf3 9. Qxf3 Ne5 10.
Bb5+ Nc6 11. Bxc6+ bxc6 12. c3 Nf6 13. e5 dxe5 14. Qxc6+ Nd7 15. O-O O-O 16. d3 e6 17. Nc4 Rc8 18.
Qa4 Nb6 19. Nxb6 axb6 20. Qc4 Bf6 21. Bh6 Re8 22. g3 Qd5 23. Qxd5 exd5 24. f4 exf4 25. Bxf4 Bg7 26. Rae1 f5 27.
Kf2 Kf7 28. Rxe8 Kxe8 29. Re1+ Kd7 30. Kf3 Bf6 31. Re2 b5 32. Be5 Be7 33. d4 b4 34. axb4 cxb4 35. cxb4 Bxb4 36. Re3 Rc6 37.
Rb3 Rb6 38. Bg7 Kc6 39. Re3 Kd7 40. Re5 Bd6 41. Rxd5 Kc6 42. Rxd6+ Kxd6 43. Kf4 Rb3 44. Be5+ Ke6 45. Kg5 Kf7 46.
Bf4 Rd3 47. Be5 Rb3 48. Bf4 Rxb2 49. Be5 Re2 50. Kh6 Re4 51. Kh7 Rg4 52. Kh6 g5 53. Kxh5 gxh4 54. gxh4 Ke6 55. Bh8 Kd5 56.
Bf6 Ke4 57. Be5 Rg2 58. Kh6 f4 59. Bxf4 Kxf4 60. h5 Rd2 61. Kg6 Rxd4 62. h6 Rd6+ 63. Kg7 Kg5 64. h7 Rd7+ 65. Kg8 Kg6 66.
h8=N+ Kf6 0-1

[Event "Masters Tournament (MTO)"]
[Site "Biel, Switzerland"]
[Date "2026.07.21"]
[Round "8.27"]
[White "Malli, Suvirr"]
[Black "Heitmann, Erik"]
[Result "1-0"]
[TimeControl "100+30+30sec/move"]
[WhiteTitle "-"]
[BlackTitle "-"]
[WhiteFideId "1341855"]
[BlackFideId "34608940"]
[WhiteElo "2120"]
[BlackElo "1949"]

1. e4 c5 2. Nf3 d6 3. d4 cxd4 4. Nxd4 Nf6 5. Nc3 a6 6. Be2 e5 7. Nb3 Be7 8. Be3 Qc7 9. a4 Be6 10.
Nd5 Bxd5 11. exd5 a5 12. Qd3 Nbd7 13. c4 b6 14. g4 h6 15. h4 Rc8 16. Rg1 g6 17. Rc1 Nc5 18. Nxc5 bxc5 19. Bd2 Nd7 20. Rh1 Bf6 21. Rb1 Bg7 22.
Kf1 O-O 23. h5 g5 24. Qf5 Qd8 25. Rh3 Nb8 26. Rf3 Qe7 27. Bxa5 Nd7 28. Bd2 Ra8 29. a5 Ra7 30. Bd3 Re8 31.
Bxg5 hxg5 32. Qh7+ Kf8 33. h6 f6 34. Rh3 Nb8 35. hxg7+ Qxg7 36. Qf5 Rf7 37. Be4 Na6 38. Kg2 Nc7 39. Rbh1 Rd8 40. Rh7 1-0

[Event "Masters Tournament (MTO)"]
[Site "Biel, Switzerland"]
[Date "2026.07.21"]
[Round "8.28"]
[White "Joly, Julien"]
[Black "Stevens, Christian"]
[Result "1-0"]
[TimeControl "100+30+30sec/move"]
[WhiteTitle "-"]
[BlackTitle "-"]
[WhiteFideId "26082284"]
[BlackFideId "649090"]
[WhiteElo "2257"]
[BlackElo "2014"]

1. d4 Nf6 2. c4 g6 3. Nc3 Bg7 4. e4 d6 5. Be2 O-O 6. Nf3 e5 7. O-O Nc6 8. d5 Ne7 9. Ne1 Nd7 10.
Nd3 f5 11. f3 Rf7 12. b4 a5 13. bxa5 Rxa5 14. a4 Kh8 15. Bd2 Ng8 16. Nb5 Ra6 17. Qc1 Ndf6 18. c5 Bf8 19. a5 Rg7 20. Qc4 c6 21. Nxd6 cxd5 22.
exd5 Rxd6 23. cxd6 Bxd6 24. Rac1 Rc7 25. Qh4 Kg7 26. Be3 Qd7 27. Rfd1 Nxd5 28. Nc5 Bxc5 29. Rxc5 Rxc5 30. Bxc5 Ngf6 31.
Qc4 Qc6 32. a6 1-0

[Event "Masters Tournament (MTO)"]
[Site "Biel, Switzerland"]
[Date "2026.07.21"]
[Round "8.29"]
[White "Arndt, Uwe"]
[Black "Fogo Esquivel, Levi Kalani Alexander"]
[Result "1/2-1/2"]
[TimeControl "100+30+30sec/move"]
[WhiteTitle "-"]
[BlackTitle "-"]
[WhiteFideId "24647713"]
[BlackFideId "5183189"]
[WhiteElo "2005"]
[BlackElo "2125"]

1. d4 Nf6 2. c4 e6 3. Nf3 d5 4.
g3 Be7 5. Bg2 O-O 6. O-O dxc4 7. Qc2 b5 8. a4 b4 9. Ne5 Nd5 10. Nxc4 c5 11. dxc5 Bxc5 12. Rd1 Nd7 13. e4 N5b6 14.
Ne5 Qc7 15. Nd3 Ba6 16. Nxb4 Bc4 17. a5 Nc8 18. e5 Rb8 19. Nc6 Bb3 20. Rxd7 Qxc6 21. Qxh7+ Kxh7 22. Bxc6 Ne7 23. Be4+ Kg8 24.
Nd2 Bd5 25. Bxd5 exd5 26. Rc7 Rfc8 27. Rxc8+ Nxc8 28. Kf1 Ne7 29. Nb1 Nc6 30. Nc3 Nxe5 31. Bf4 f6 32. Nxd5 Rxb2 33. Be3 Bxe3 34.
Nxe3 a6 35. Rd1 Ra2 36. Rd5 Kf7 37. f4 Nf3 38. h4 g6 39. h5 gxh5 40. Rxh5 Ke6 41. Rc5 Nd2+ 42. Ke1 Nf3+ 43. Kd1 Nd4 44.
f5+ Ke7 45. Rd5 Nc6 46. Nc4 Ra4 47. Rc5 Nd4 48. Ke1 Nb3 49. Rc6 Kd7 50. Rd6+ Kc7 51. Rxf6 Rxc4 52. Rxa6 Ra4 53. Kf2 Kd7 54.
Ra7+ Ke8 55. Kg2 Rxa5 56. Rxa5 Nxa5 57. Kf3 Nc6 58. g4 Kf7 59. g5 Ne5+ 60. Ke4 Nc4 61. Kd4 Nd6 62. Ke5 Nc4+ 63.
Kf4 Nd6 64. Kg4 Ne4 65. Kh4 Nd6 66. Kg4 Ne4 67. Kf4 Nd6 68. Ke5 Nc4+ 69. Kd5 Ne3+ 70. Ke4 Nc4 71. Kf3 Nd6 72. Kf4 Nc4 73.
Kg3 Nd6 74. Kg4 1/2-1/2

[Event "Masters Tournament (MTO)"]
[Site "Biel, Switzerland"]
[Date "2026.07.21"]
[Round "8.30"]
[White "Kunz, Andre"]
[Black "Celis, Joel"]
[Result "1-0"]
[TimeControl "100+30+30sec/move"]
[WhiteTitle "-"]
[BlackTitle "-"]
[WhiteFideId "24623652"]
[BlackFideId "15400212"]
[WhiteElo "2116"]
[BlackElo "1981"]

1. e4 e5 2. Nf3 Nc6 3. Bc4 Bc5 4. c3 Nf6 5. d3 a6 6. O-O Ba7 7. Re1 d6 8. Bb3 h6 9. Nbd2 g5 10.
Nf1 g4 11. N3d2 h5 12. Nc4 b5 13. Nce3 h4 14. Nd5 g3 15. Be3 gxf2+ 16. Bxf2 Bxf2+ 17. Kxf2 Rh6 18. Nfe3 Ne7 19. Nxf6+ Rxf6+ 20. Kg1 Be6 21. Qh5 Ng6 22. Bxe6 Rxe6 23. Rf1 Nf4 24. Qh7 c6 25. Qg8+ Kd7 26. Qxf7+ Re7 27. Qf5+ Kc7 28. d4 Qh8 29.
Kh1 Rf8 30. Qg4 Rg7 31. Qf3 Rfg8 32. dxe5 dxe5 33. Rad1 Qh7 34. Rd2 Rg3 35. Qf2 h3 36. Rfd1 hxg2+ 37. Nxg2 Qxe4 38. Qa7+ Kc8 39. Qxa6+ Kb8 40.
Qb6+ Kc8 41. Rd8+ 1-0

[Event "Masters Tournament (MTO)"]
[Site "Biel, Switzerland"]
[Date "2026.07.21"]
[Round "8.31"]
[White "Kwiatkowski, Jakub"]
[Black "Aryan, Mehta"]
[Result "1/2-1/2"]
[TimeControl "100+30+30sec/move"]
[WhiteTitle "-"]
[BlackTitle "-"]
[WhiteFideId "1348736"]
[BlackFideId "33329664"]
[WhiteElo "2107"]
[BlackElo "1979"]

1. e4 c5 2. Nf3 d6 3. Bb5+ Bd7 4. Bxd7+ Qxd7 5. c4 Nc6 6. O-O g6 7. d4 cxd4 8. Nxd4 Bg7 9. Be3 Nf6 10.
f3 O-O 11. Nc3 e6 12. Nde2 Rac8 13. Rc1 Rfd8 14. Nf4 a6 15. Qd2 Ne5 16. b3 b5 17. cxb5 axb5 18. Rfd1 Qb7 19. Nd3 Nfd7 20.
Nxe5 Nxe5 21. Bd4 b4 22. Ne2 h5 23. Qb2 Rxc1 24. Nxc1 f5 25. exf5 gxf5 26. Ne2 h4 27. Nf4 Qf7 28.
Qf2 Bf6 29. Ba1 Bg5 30. Nh3 Be7 31. Nf4 Bg5 32. Nh3 Be7 33. Nf4 1/2-1/2

[Event "Masters Tournament (MTO)"]
[Site "Biel, Switzerland"]
[Date "2026.07.21"]
[Round "8.32"]
[White "Papaux, Jeremie"]
[Black "Von Burg, Carl Alexander"]
[Result "1-0"]
[TimeControl "100+30+30sec/move"]
[WhiteTitle "-"]
[BlackTitle "-"]
[WhiteFideId "1340867"]
[BlackFideId "1352458"]
[WhiteElo "2102"]
[BlackElo "1947"]

1. d4 d5 2. c4 c6 3. Nf3 Nf6 4. Nc3 e6 5. Bg5 Nbd7 6. e3 Qa5 7. cxd5 Nxd5 8. Qd2 Bb4 9. Rc1 Nxc3 10.
bxc3 Ba3 11. Rb1 b6 12. Bd3 Ba6 13. O-O Bxd3 14. Qxd3 O-O 15. Bf4 Rfe8 16. c4 Bf8 17. e4 c5 18.
Bd2 Qa6 19. d5 exd5 20. exd5 Qxa2 21. Ra1 Qb2 22. Bc3 Qe2 23. Qf5 g6 24. Qxd7 Qxc4 25. Ng5 Re7 26. Qc6 1-0

[Event "Masters Tournament (MTO)"]
[Site "Biel, Switzerland"]
[Date "2026.07.21"]
[Round "8.33"]
[White "Yang, Sung-Jui"]
[Black "Bucher, Dominic"]
[Result "1-0"]
[TimeControl "100+30+30sec/move"]
[WhiteTitle "-"]
[BlackTitle "-"]
[WhiteFideId "16301048"]
[BlackFideId "1353144"]
[WhiteElo "1935"]
[BlackElo "2078"]

1. d4 d5 2. Nf3 Nf6 3. c4 c6 4. Nc3 e6 5. Bg5 h6 6. Bxf6 Qxf6 7. Qb3 Nd7 8. e4 dxe4 9. Nxe4 Qg6 10.
Ng3 c5 11. Bd3 Qf6 12. Ne4 Qe7 13. d5 exd5 14. cxd5 Nf6 15. O-O Nxe4 16. Rfe1 f5 17. Nd2 Kd8 18. Bxe4 fxe4 19. Nxe4 b6 20.
d6 Qe6 21. Qf3 Bb7 22. Qf4 Bxe4 23. Rxe4 Qxd6 24. Qf3 Kc7 25. Rd1 Qg6 26. Rg4 Qe8 27. Re4 Qc8 28. Qf7+ Kc6 29. a4 Bd6 30. Qd5+ Kc7 31. Qxd6+ Kb7 32.
Qd5+ Kb8 33. Re7 1-0

[Event "Masters Tournament (MTO)"]
[Site "Biel, Switzerland"]
[Date "2026.07.21"]
[Round "8.34"]
[White "Gerrits, Augustin"]
[Black "Jelicic, Hugo"]
[Result "1-0"]
[TimeControl "100+30+30sec/move"]
[WhiteTitle "-"]
[BlackTitle "-"]
[WhiteFideId "285358"]
[BlackFideId "1349040"]
[WhiteElo "2072"]
[BlackElo "1907"]

1. e4 c6 2. d4 d5 3. Nc3 dxe4 4. Nxe4 Bf5 5. Ng3 Bg6 6. h4 h6 7. Nf3 Nd7 8. h5 Bh7 9. Bd3 Bxd3 10.
Qxd3 e6 11. Bd2 Ngf6 12. O-O-O Be7 13. Ne4 Nxe4 14. Qxe4 Nf6 15. Qe2 Qd5 16. c4 Qe4 17. Qxe4 Nxe4 18. Be3 f5 19. Rhe1 O-O 20.
Kc2 Rae8 21. Re2 Bd6 22. Nh4 Rf7 23. Ng6 Nf6 24. Bf4 Rd7 25. Bxd6 Rxd6 26. Nf4 Kf7 27. f3 b5 28. b3 bxc4 29.
bxc4 c5 30. dxc5 Rxd1 31. Kxd1 e5 32. Ng6 e4 33. Nf4 Rc8 34. Rb2 Nd7 35. Rb7 Ke8 36. Rxa7 exf3 37. gxf3 Ne5 38. Ne6 Nxf3 39. Nxg7+ Kd8 40. Ne6+ Ke8 41. Ke2 Nh4 42. Ke3 Rc6 43. Ng7+ Kf8 44. Kd4 Kg8 45.
Kd5 Rf6 46. Ke5 Rc6 47. Ne6 f4 48.
Kd5 Rc8 49. Nxf4 Nf5 50. c6 1-0

[Event "Masters Tournament (MTO)"]
[Site "Biel, Switzerland"]
[Date "2026.07.21"]
[Round "8.36"]
[White "Hornung, Hans"]
[Black "Morrison, Joseph"]
[Result "1-0"]
[TimeControl "100+30+30sec/move"]
[WhiteTitle "-"]
[BlackTitle "-"]
[WhiteFideId "4615140"]
[BlackFideId "479535"]
[WhiteElo "1924"]
[BlackElo "2048"]

1. c4 e5 2. Nc3 Nf6 3. Nf3 Nc6 4. a3 d5 5. cxd5 Nxd5 6. Qc2 Be7 7. e3 a6 8. Be2 f5 9. d4 exd4 10.
exd4 Bf6 11. O-O Nb6 12. d5 Ne7 13. Rd1 Qd6 14. Be3 O-O 15. Rac1 Bd7 16. b4 Rac8 17. Qa2 Kh8 18. Bc5 Qf4 19.
d6 cxd6 20. Be3 Qg4 21. Ng5 Qh4 22. g3 Qxg5 23. Bxg5 Bxg5 24. Rc2 d5 25. Bf3 Bc6 26. a4 Rfd8 27. b5 Be8 28. a5 Nd7 29.
bxa6 bxa6 30. Nxd5 Ne5 31. Bg2 Bc6 32. f4 1-0

[Event "Masters Tournament (MTO)"]
[Site "Biel, Switzerland"]
[Date "2026.07.21"]
[Round "8.37"]
[White "Lumsdon, Andrew"]
[Black "Ruchat, Blaise"]
[Result "0-1"]
[TimeControl "100+30+30sec/move"]
[WhiteTitle "-"]
[BlackTitle "-"]
[WhiteFideId "1308840"]
[BlackFideId "1328921"]
[WhiteElo "2033"]
[BlackElo "1912"]

1. e4 c5 2. c3 d5 3. e5 Nc6 4. f4 d4 5. d3 e6 6. c4 Nge7 7. Nd2 Nf5 8. Ne4 h5 9. g3 Be7 10.
Nf3 f6 11. exf6 gxf6 12. Nh4 Nxh4 13. gxh4 Bd7 14. Be2 Qb6 15. Bxh5+ Kd8 16. Rg1 Kc7 17. Qe2 Nb4 18. Rg7 Nc6 19.
Bd2 Rhg8 20. Rxg8 Rxg8 21. O-O-O Nb4 22. Bxb4 Qxb4 23. Ng3 Bd6 24. Rf1 f5 25. a3 Qa5 26. Qf2 b5 27. Bd1 b4 28.
axb4 Qa1+ 29. Kd2 Qxb2+ 30. Ke1 Qxb4+ 31. Qd2 Qa3 32. h5 Rb8 33. Bc2 Rb2 34. Qc1 Qc3+ 35. Kd1 Ra2 36. Ne2 Qa5 37.
Qd2 Ra1+ 38. Nc1 Qb6 39. h6 Bf8 40. h7 Bg7 41. Rg1 Bf6 42. Ke2 Be8 43. Kf2 Bf7 44. Rg2 Qb8 45. Nb3 Bh4+ 46.
Rg3 Rh1 47. Qa5+ Kd7 48. Nxc5+ Ke7 49. Na6 Qxf4+ 50. Ke2 Qf1+ 0-1

[Event "Masters Tournament (MTO)"]
[Site "Biel, Switzerland"]
[Date "2026.07.21"]
[Round "8.38"]
[White "Di Candia, Roberto"]
[Black "Joly, Fabrice"]
[Result "0-1"]
[TimeControl "100+30+30sec/move"]
[WhiteTitle "-"]
[BlackTitle "-"]
[WhiteFideId "856649"]
[BlackFideId "612235"]
[WhiteElo "1988"]
[BlackElo "1907"]

1. c4 Nf6 2. Nf3 c5 3. g3 g6 4. Bg2 Bg7 5. Nc3 Nc6 6. O-O O-O 7. d4 d6 8. dxc5 dxc5 9. Be3 Qa5 10.
Qb3 Qb4 11. Qxb4 cxb4 12. Nd5 Bf5 13. Bc5 Ne4 14. Nxe7+ Nxe7 15. Bxe7 Rfc8 16. Rad1 Bxb2 17. Nd4 Bxd4 18. Rxd4 Nc3 19.
Rh4 Nxe2+ 20. Kh1 Re8 21. Bxb4 g5 22. Rh6 Bg6 23. f4 gxf4 24. gxf4 Be4 25. Rf2 Rad8 26. Rd6 Nc3 27. Rfd2 Rxd6 28. Rxd6 Bxg2+ 29. Kxg2 Nxa2 30. Bc5 b6 31.
Bd4 Nb4 32. Be5 Rc8 33. f5 Nc6 34. Bc3 Ne7 35. f6 Nf5 36. Rd7 Ne3+ 37. Kf3 Nxc4 38. Rxa7 h6 39. Bd4 b5 40. Rb7 Rd8 41.
Bc5 Rd5 42. Rb8+ Kh7 43. Be7 Kg6 44. Ke4 Re5+ 45. Kf4 Rf5+ 46. Ke4 Re5+ 47. Kd4 Rh5 48. Rg8+ Kf5 49. Rg2 Ke6 50. Re2+ Re5 51.
Rxe5+ Nxe5 52. Kc5 Ng4 53. h3 Nxf6 54. Bd8 Ne4+ 55. Kxb5 Nf2 56. h4 Kf5 57. Kc4 Kg6 58. Kd4 Kf5 59. Ke3 Ng4+ 60. Kf3 Ne5+ 61. Ke3 h5 0-1

[Event "Masters Tournament (MTO)"]
[Site "Biel, Switzerland"]
[Date "2026.07.21"]
[Round "8.39"]
[White "Scherler, Julius"]
[Black "Wenger, Arejou"]
[Result "1-0"]
[TimeControl "100+30+30sec/move"]
[WhiteTitle "-"]
[BlackTitle "-"]
[WhiteFideId "1337947"]
[BlackFideId "1336584"]
[WhiteElo "1941"]
[BlackElo "1873"]

1. e4 c5 2. Nf3 e6 3. g3 d5 4. exd5 exd5 5. d4 Nf6 6. Bg2 Be7 7. O-O O-O 8. dxc5 Bxc5 9. Nc3 Nc6 10.
a3 d4 11. Na4 Be7 12. b4 Bf5 13. b5 Na5 14. Nxd4 Be4 15. Bxe4 Nxe4 16. Nf5 Bf6 17. Bb2 Bxb2 18. Qxd8 Rfxd8 19. Nxb2 Rd2 20. Ne3 Nc3 21. a4 Re8 22. Rfe1 Re4 23. Kf1 f5 24. Nd3 g6 25. Ra3 Rxe3 26. Rxe3 Ne4 27. Re2 Nc4 28.
Ra1 Kf7 29. f3 Ng5 30. Ne5+ Nxe5 31. Rxd2 Ngxf3 32. Re2 Kf6 33. Rd1 Kg5 34. Kg2 f4 35. Rd5 Kf5 36. gxf4 Kxf4 37. Rd8 Nh4+ 38.
Kh3 g5 39. Rf8+ Nf5 40. Rf2+ 1-0

[Event "Masters Tournament (MTO)"]
[Site "Biel, Switzerland"]
[Date "2026.07.21"]
[Round "8.40"]
[White "Fattori Dittmar, Luca"]
[Black "Petry, Martin"]
[Result "1/2-1/2"]
[TimeControl "100+30+30sec/move"]
[WhiteTitle "-"]
[BlackTitle "-"]
[WhiteFideId "34678883"]
[BlackFideId "1352318"]
[WhiteElo "1840"]
[BlackElo "1999"]

1. e4 g6 2. d4 Bg7 3. Nf3 d6 4. Bc4 Nf6 5. Qe2 O-O 6. e5 dxe5 7. dxe5 Nd5 8. O-O Bg4 9. Nbd2 e6 10.
h3 Bxf3 11. Nxf3 c6 12. Re1 h6 13. Qe4 Nd7 14. Bf1 Qc7 15. c4 Ne7 16. b3 c5 17. Bb2 Nc6 18. h4 h5 19. g3 1/2-1/2

[Event "Masters Tournament (MTO)"]
[Site "Biel, Switzerland"]
[Date "2026.07.21"]
[Round "8.41"]
[White "Malli, Shiivesh Sunil"]
[Black "Magnussen, Petur Gardar"]
[Result "1/2-1/2"]
[TimeControl "100+30+30sec/move"]
[WhiteTitle "-"]
[BlackTitle "-"]
[WhiteFideId "1340409"]
[BlackFideId "7203802"]
[WhiteElo "1994"]
[BlackElo "1957"]

1. c4 e5 2. Nc3 Nf6 3. g3 Nc6 4. Bg2 Bc5 5. d3 d6 6. h3 O-O 7. e4 a6 8. a3 Be6 9. Nge2 Qd7 10.
b4 Ba7 11. Nd5 Ne8 12. Be3 f5 13. Bxa7 Rxa7 14. exf5 Bxf5 15. Ne3 Bg6 16. O-O Nf6 17. d4 e4 18. Nf4 Bf7 19. h4 Raa8 20.
Bh3 Qe8 21. Qd2 Rd8 22. Ned5 Nxd5 23. cxd5 Ne7 24. Ne6 Bxe6 25. Bxe6+ Kh8 26. Qc2 Qg6 27. Qxc7 Nf5 28. Bxf5 Qxf5 29. Qxb7 e3 30. fxe3 Qh3 31.
Qe7 Qxg3+ 32. Kh1 Qh3+ 1/2-1/2

[Event "Masters Tournament (MTO)"]
[Site "Biel, Switzerland"]
[Date "2026.07.21"]
[Round "8.42"]
[White "Carey, Michael"]
[Black "Damen, Josephine"]
[Result "1/2-1/2"]
[TimeControl "100+30+30sec/move"]
[WhiteTitle "-"]
[BlackTitle "-"]
[WhiteFideId "30923760"]
[BlackFideId "1074369"]
[WhiteElo "1946"]
[BlackElo "1971"]

1. b3 Nf6 2. Bb2 g6 3. e4 d6 4. Nc3 Bg7 5. d4 O-O 6. Qd2 Nc6 7. d5 Nb8 8. O-O-O Nbd7 9. Be2 Nc5 10.
f3 a5 11. a4 e5 12. g4 Qe7 13. Kb1 Rd8 14. h4 h5 15. g5 Nfd7 16. Ba3 Nb8 17. Nh3 Nba6 18. Nf2 Nb4 19. Bxb4 axb4 20.
Na2 Bd7 21. Nxb4 Qe8 22. Bc4 b5 23. axb5 Bxb5 24. Qc3 Ra3 25. Kc1 Bd7 26. Qb2 Rda8 27. Kd2 f6 28. Nfd3 Nxd3 29. Nxd3 fxg5 30.
hxg5 Qe7 31. Rdg1 Ra2 32. Qc3 Rf8 33. Nc1 Raa8 34. Be2 Qf7 35. Qe3 Rab8 36. Nd3 Bb5 37. c4 Bd7 38. b4 Ra8 39.
Ra1 Rfb8 40. Ra7 Rc8 41. Rf1 Rxa7 42. Qxa7 Qe7 43. Rg1 Qd8 44. Qe3 1/2-1/2

[Event "Masters Tournament (MTO)"]
[Site "Biel, Switzerland"]
[Date "2026.07.21"]
[Round "8.43"]
[White "Tan, Jimmy"]
[Black "Rosen, Noah"]
[Result "1-0"]
[TimeControl "100+30+30sec/move"]
[WhiteTitle "-"]
[BlackTitle "-"]
[WhiteFideId "129057499"]
[BlackFideId "1356267"]
[WhiteElo "1953"]
[BlackElo "1921"]

1. d4 Nf6 2. Nc3 d5 3. Bf4 g6 4. e3 Bg7 5. Nb5 Na6 6. h3 c6 7. Nc3 b5 8. Nf3 Bf5 9. Bd3 Ne4 10.
Bxe4 dxe4 11. Nd2 Qa5 12. O-O Rd8 13. Qe2 O-O 14. a4 b4 15. Nc4 Bg4 16. hxg4 1-0

[Event "Masters Tournament (MTO)"]
[Site "Biel, Switzerland"]
[Date "2026.07.21"]
[Round "8.44"]
[White "Vedant, Nayudu"]
[Black "Alsaleh, Eissa"]
[Result "0-1"]
[TimeControl "100+30+30sec/move"]
[WhiteTitle "-"]
[BlackTitle "-"]
[WhiteFideId "33369780"]
[BlackFideId "10312463"]
[WhiteElo "1797"]
[BlackElo "1908"]

1. e4 e5 2. Nf3 Nc6 3. Bc4 Bc5 4. c3 d6 5. d3 h6 6. O-O Nf6 7. Nbd2 O-O 8. Bb3 Be6 9. Re1 Bb6 10.
Bxe6 fxe6 11. Nc4 Ne7 12. Qb3 Qd7 13. a4 c5 14. a5 Bd8 15. Bd2 Ng6 16. a6 b6 17. Na3 Nh5 18. d4 exd4 19.
cxd4 Qf7 20. Nb5 Be7 21. d5 Ngf4 22. Nc7 c4 23. Qe3 Rac8 24. Nxe6 Nxe6 25. dxe6 Qxe6 26. e5 Nf4 27. Qe4 d5 28.
Qc2 Nxg2 29. Kxg2 Qg4+ 30. Kf1 Qxf3 31. Be3 Bb4 32. Qd1 Qh3+ 33. Ke2 Qf3+ 34. Kf1 Bxe1 35. Qxf3 Rxf3 36. Rxe1 Re8 37.
Bd4 Rf4 38. Rd1 Rd8 39. Ke2 Rh4 40. Kf3 Rxh2 41. Kg4 Rg2+ 42. Kf5 Rf8+ 43. Ke6 Rg6+ 44. Kxd5 b5 45. Bc5 Rd8+ 46. Bd6 Kf7 47.
Kc5 Rg5 48. Re1 Ke6 49. Kc6 Rf5 50. Re2 Rd7 51. Rc2 h5 52. Re2 h4 53. Re4 g5 54. Rg4 h3 55. Rg3 Rh7 56. Rg1 h2 57.
Rh1 Rxf2 58. Bc5 Rxb2 59. Be3 g4 60. Bf4 Rg2 61. Kxb5 g3 62. Be3 c3 0-1

[Event "Masters Tournament (MTO)"]
[Site "Biel, Switzerland"]
[Date "2026.07.21"]
[Round "8.45"]
[White "Simon, Ralf-Axel"]
[Black "Oestmann, Lukas"]
[Result "0-1"]
[TimeControl "100+30+30sec/move"]
[WhiteTitle "-"]
[BlackTitle "-"]
[WhiteFideId "4603125"]
[BlackFideId "1326457"]
[WhiteElo "1935"]
[BlackElo "1998"]

1. d4 Nf6 2. Nf3 c5 3. d5 e6 4. Nc3 exd5 5. Nxd5 Nxd5 6. Qxd5 Nc6 7. Bg5 Qc7 8. O-O-O d6 9. Kb1 Be6 10.
Qd3 Bxa2+ 11. Kc1 Be6 12. e4 h6 13. Bf4 O-O-O 14. Qa3 Qb6 15. h4 Be7 16. Nd2 Na5 17. h5 Rhe8 18. f3 Kb8 19.
g4 Ka8 20. Kb1 d5 21. e5 c4 22. Qa2 Rc8 23. c3 d4 24. Rg1 dxc3 25. Ne4 cxb2 26. Rg2 c3 27. Qa4 Bb3 0-1